MLB
SAN DIEGO PADRES @ MIAMI MARLINS
03/06/2044
 
TOP OF THE 1ST
San Diego Padres batting - Pitching for Miami Marlins : LHP Jordan Hernandez
Pitching: LHP Jordan Hernandez
Batting: LHB Per Meulengracht 0-0: Called Strike
0-1: Ball
1-1: Called Strike
1-2: Ball
2-2: Foul Ball, location: 2F
2-2: Ball
3-2: Ground out 4-3 (Groundball, 4, EV 101.3 MPH)
Batting: RHB Alois Wollf 0-0: Ground out 4-3 (Groundball, 4, EV 92.5 MPH)
Batting: RHB Bobby Ayala 0-0: Ball
1-0: Ball
2-0: Swinging Strike
2-1: Ball
3-1: Called Strike
3-2: SINGLE (Groundball, 56, EV 108.8 MPH) (infield hit)
Batting: RHB Cesar Breceda 0-0: Ball
1-0: Ball
2-0: Foul Ball, location: 2F
2-1: Ball
3-1: SINGLE (Line Drive, 8RS, EV 93.1 MPH)
Bobby Ayala to second
Runner from 2nd tries for 3rd, OUT! 8-5
Top of the 1st over - 0 runs, 2 hits, 0 errors, 1 left on base; San Diego 0 - Miami 0
BOTTOM OF THE 1ST
Miami Marlins batting - Pitching for San Diego Padres : RHP Toby Williams
Pitching: RHP Toby Williams
Batting: RHB Jeff Garofalo 0-0: Ball
1-0: Ball
2-0: Ball
3-0: Called Strike
3-1: Foul Ball, location: 2F
3-2: Base on Balls
Batting: RHB Gavin Helton 0-0: Ball
1-0: Swinging Strike
1-1: Ball
2-1: Foul Ball, location: 2F
2-2: Fly out, F7 (Line Drive, 7, EV 100.0 MPH)
Batting: LHB Andre Gorter 0-0: Ball
1-0: Foul Ball, location: 2F
1-1: Ball
2-1: DOUBLE (Line Drive, 9LD, EV 99.4 MPH)
Jeff Garofalo to third
Runner from 3rd tries for Home, SAFE, throw by RF to trailing runner, SAFE at third!
Batting: SHB Perry Tuckfard 0-0: Fly out, F7 (Flyball, 7LS, EV 90.6 MPH)
Runner from 3rd tags up, SCORES, throw by LF
Batting: RHB Jimmy Groseclose 0-0: Called Strike
0-1: Foul Ball, location: 2F
0-2: Ball
1-2: SINGLE (Groundball, 56D, EV 106.3 MPH)
Batting: RHB Tommy Hughes 0-0: Foul Ball, location: 2F
0-1: Called Strike
0-2: Ball
1-2: SINGLE (Line Drive, 8LS, EV 105.0 MPH)
Jimmy Groseclose to second
Batting: LHB Luis Aguilar 0-0: Called Strike
0-1: Ball
1-1: Fly out, F7 (Flyball, 78M, EV 85.0 MPH)
Bottom of the 1st over - 2 runs, 3 hits, 0 errors, 2 left on base; San Diego 0 - Miami 2
TOP OF THE 2ND
San Diego Padres batting - Pitching for Miami Marlins : LHP Jordan Hernandez
Batting: LHB Mike Holt 0-0: Fly out, F8 (Flyball, 78S, EV 89.4 MPH)
Batting: RHB Chiel Palstermans 0-0: Ball
1-0: Ball
2-0: Called Strike
2-1: SINGLE (Groundball, 23, EV 74.4 MPH) (infield hit)
Batting: RHB Alberto Cotto 0-0: Called Strike
0-1: Ball
1-1: Ball
2-1: Called Strike
2-2: Ball
3-2: Strikes out looking
Chiel Palstermans steals 2nd base
Batter strikes out.
Batting: RHB Matthew Starr 0-0: Ball
1-0: Ground out 6-3 (Groundball, 6M, EV 86.3 MPH)
Top of the 2nd over - 0 runs, 1 hit, 0 errors, 1 left on base; San Diego 0 - Miami 2
BOTTOM OF THE 2ND
Miami Marlins batting - Pitching for San Diego Padres : RHP Toby Williams
Batting: LHB Adrian Young 0-0: Ball
1-0: Ball
2-0: SINGLE (Line Drive, 34, EV 108.8 MPH)
Batting: RHB Manny Gonzalez 0-0: Ball
1-0: Ball
2-0: Foul Ball, location: 2F
2-1: Swinging Strike
2-2: Grounds into double play, 5-4-3 (Groundball, 56, EV 100.6 MPH)
Batting: RHB Jeff Garofalo 0-0: Foul Ball, location: 2F
0-1: Ball
1-1: Foul Ball, location: 2F
1-2: Strikes out looking
Bottom of the 2nd over - 0 runs, 1 hit, 0 errors, 0 left on base; San Diego 0 - Miami 2
TOP OF THE 3RD
San Diego Padres batting - Pitching for Miami Marlins : LHP Jordan Hernandez
Batting: LHB Andy Bowman 0-0: Ball
1-0: Ball
2-0: Ball
3-0: Called Strike
3-1: SINGLE (Groundball, 34D, EV 103.8 MPH) (infield hit)
Batting: LHB Per Meulengracht 0-0: Ball
1-0: Foul Ball, location: 2F
1-1: Hit by Pitch
Andy Bowman to second
Batting: RHB Alois Wollf 0-0: Ball
1-0: Called Strike
1-1: Ball
2-1: Swinging Strike
2-2: Grounds into double play, 6-4-3 (Groundball, 6, EV 90.0 MPH)
Andy Bowman to third
Batting: RHB Bobby Ayala 0-0: Swinging Strike
0-1: Ball
1-1: SINGLE (Groundball, 56, EV 81.9 MPH) (infield hit)
Andy Bowman scores
Batting: RHB Cesar Breceda 0-0: Foul Ball, location: 2F
0-1: Ball
1-1: Ball
2-1: Foul Ball, location: 2F
2-2: Ball
Wild Pitch!
Bobby Ayala to second
3-2: Foul Ball, location: 2F
3-2: Base on Balls
Batting: LHB Mike Holt 0-0: Called Strike
0-1: Ball
1-1: Foul Ball, location: 2F
1-2: Fly out, F8 (Line Drive, 8LD, EV 91.9 MPH)
Top of the 3rd over - 1 run, 2 hits, 0 errors, 2 left on base; San Diego 1 - Miami 2
BOTTOM OF THE 3RD
Miami Marlins batting - Pitching for San Diego Padres : RHP Toby Williams
Batting: RHB Gavin Helton 0-0: Ground out 5-3 (Groundball, 56, EV 91.9 MPH)
Batting: LHB Andre Gorter 0-0: Ball
1-0: Ball
2-0: Called Strike
2-1: Ball
3-1: Foul Ball, location: 2F
3-2: Ground out U3 (Groundball, 3, EV 96.9 MPH)
Batting: SHB Perry Tuckfard 0-0: Ball
1-0: Ball
2-0: Ground out U3 (Groundball, 34, EV 101.3 MPH)
Bottom of the 3rd over - 0 runs, 0 hits, 0 errors, 0 left on base; San Diego 1 - Miami 2
TOP OF THE 4TH
San Diego Padres batting - Pitching for Miami Marlins : LHP Jordan Hernandez
Batting: RHB Chiel Palstermans 0-0: Called Strike
0-1: Ball
1-1: SINGLE (Groundball, 6MD, EV 108.1 MPH)
Batting: RHB Alberto Cotto 0-0: Foul Ball, location: 2F
0-1: Grounds into double play, 6-4-3 (Groundball, 6, EV 90.6 MPH)
Batting: RHB Matthew Starr 0-0: Ground out 4-3 (Groundball, 34, EV 95.6 MPH)
Top of the 4th over - 0 runs, 1 hit, 0 errors, 0 left on base; San Diego 1 - Miami 2
BOTTOM OF THE 4TH
Miami Marlins batting - Pitching for San Diego Padres : RHP Toby Williams
Batting: RHB Jimmy Groseclose 0-0: DOUBLE (Flyball, 89XD, EV 103.8 MPH)
Batting: RHB Tommy Hughes 0-0: Called Strike
0-1: Ball
1-1: Swinging Strike
1-2: Ball
2-2: Strikes out swinging
Batting: LHB Luis Aguilar 0-0: Foul Ball, location: 2F
0-1: Ball
1-1: Ground out 4-3 (Groundball, 34D, EV 109.4 MPH)
Jimmy Groseclose to third
Batting: LHB Adrian Young 0-0: Ball
1-0: Called Strike
1-1: Called Strike
1-2: Strikes out swinging
Bottom of the 4th over - 0 runs, 1 hit, 0 errors, 1 left on base; San Diego 1 - Miami 2
TOP OF THE 5TH
San Diego Padres batting - Pitching for Miami Marlins : LHP Jordan Hernandez
Pitching: RHP Brian Glover
Batting: LHB Andy Bowman 0-0: Ball
1-0: Called Strike
1-1: Ball
2-1: Foul Ball, location: 2F
2-2: Ball
3-2: Fly out, F7 (Flyball, 78M, EV 90.6 MPH)
Batting: LHB Per Meulengracht 0-0: SINGLE (Groundball, 34D, EV 98.8 MPH)
Batting: RHB Alois Wollf 0-0: Foul Ball, location: 2F
0-1: Called Strike
0-2: Ball
1-2: Ball
2-2: Foul Ball, location: 2F
2-2: Fielders Choice at 2nd, 5-4 (Groundball, 56, EV 84.4 MPH)
Batting: RHB Bobby Ayala 0-0: Ball
1-0: Called Strike
1-1: Ball
2-1: Fly out, F8 (Flyball, 78XD, EV 96.3 MPH)
Top of the 5th over - 0 runs, 1 hit, 0 errors, 1 left on base; San Diego 1 - Miami 2
BOTTOM OF THE 5TH
Miami Marlins batting - Pitching for San Diego Padres : RHP Toby Williams
Pitching: LHP Yuri Thra
Batting: RHB Manny Gonzalez 0-0: Ball
1-0: Ground out 6-3 (Groundball, 56D, EV 102.5 MPH)
Batting: RHB Jeff Garofalo 0-0: Foul Ball, location: 2F
0-1: Ball
1-1: Ball
2-1: Foul Ball, location: 2F
2-2: Strikes out swinging
Batting: RHB Gavin Helton 0-0: Called Strike
0-1: Ball
1-1: Foul Ball, location: 2F
1-2: Strikes out swinging
Bottom of the 5th over - 0 runs, 0 hits, 0 errors, 0 left on base; San Diego 1 - Miami 2
TOP OF THE 6TH
San Diego Padres batting - Pitching for Miami Marlins : RHP Brian Glover
Batting: RHB Cesar Breceda 0-0: Ball
1-0: Called Strike
1-1: Ground out 6-3 (Groundball, 6, EV 107.5 MPH)
Batting: LHB Mike Holt 0-0: Ground out 2-3 (Groundball, 15S, EV 73.1 MPH)
Batting: RHB Chiel Palstermans 0-0: Called Strike
0-1: Foul Ball, location: 2F
0-2: Foul Ball, location: 2F
0-2: Ball
1-2: Foul Ball, location: 2F
1-2: Fly out, F9 (Line Drive, 89S, EV 105.6 MPH)
Top of the 6th over - 0 runs, 0 hits, 0 errors, 0 left on base; San Diego 1 - Miami 2
BOTTOM OF THE 6TH
Miami Marlins batting - Pitching for San Diego Padres : LHP Yuri Thra
Batting: LHB Andre Gorter 0-0: SOLO HOME RUN (Flyball, 9D, EV 95.6 MPH), Distance : 375 ft
Batting: SHB Perry Tuckfard 0-0: SINGLE (Groundball, 56D, EV 106.9 MPH)
Batting: RHB Jimmy Groseclose 0-0: Ball
1-0: Foul Ball, location: 2F
1-1: Called Strike
1-2: Grounds into double play, 6-4-3 (Groundball, 56, EV 85.0 MPH)
Batting: RHB Tommy Hughes 0-0: Foul Ball, location: 2F
0-1: Swinging Strike
0-2: Foul Ball, location: 2F
0-2: Ball
1-2: Foul Ball, location: 2F
1-2: Foul Ball, location: 2F
1-2: Ground out 1-3 (Groundball, 13, EV 68.8 MPH)
Bottom of the 6th over - 1 run, 2 hits, 0 errors, 0 left on base; San Diego 1 - Miami 3
TOP OF THE 7TH
San Diego Padres batting - Pitching for Miami Marlins : RHP Brian Glover
Pitching: RHP Julio Espinel
Batting: RHB Alberto Cotto 0-0: SINGLE (Line Drive, 9S, EV 94.4 MPH)
Batting: LHB Chris Moody 0-0: Called Strike
0-1: Fielders Choice at 2nd, 4-6 (Groundball, 4M, EV 88.8 MPH)
Batting: LHB Andy Bowman 0-0: Called Strike
0-1: Ball
1-1: Fielders Choice at 2nd, 2-6 (Groundball, 2R, EV 70.6 MPH)
Pinch Hitting: LHB Ryan Flynn Jr. 0-0: Fly out, F8 (Flyball, 78D, EV 92.5 MPH)
Top of the 7th over - 0 runs, 1 hit, 0 errors, 1 left on base; San Diego 1 - Miami 3
BOTTOM OF THE 7TH
Miami Marlins batting - Pitching for San Diego Padres : LHP Yuri Thra
Pitching: RHP Travis White
Now in CF: Ryan Flynn Jr.
Now in RF: Mike Holt
Batting: LHB Luis Aguilar 0-0: Ball
1-0: Ball
2-0: Ball
3-0: Called Strike
3-1: Ground out 5-3 (Groundball, 6S, EV 73.1 MPH)
Batting: LHB Adrian Young 0-0: Ball
1-0: Called Strike
1-1: Ball
2-1: Foul Ball, location: 2F
2-2: Ground out 1-3 (Groundball, 13, EV 68.1 MPH)
Batting: RHB Manny Gonzalez 0-0: Ball
1-0: Called Strike
1-1: Called Strike
1-2: Ball
2-2: Foul Ball, location: 2F
2-2: Strikes out looking
Bottom of the 7th over - 0 runs, 0 hits, 0 errors, 0 left on base; San Diego 1 - Miami 3
TOP OF THE 8TH
San Diego Padres batting - Pitching for Miami Marlins : RHP Julio Espinel
Pinch Hitting: RHB Jose Morrissey 0-0: Called Strike
0-1: Foul Ball, location: 2F
0-2: Ball
1-2: Ball
2-2: Ball
3-2: Foul Ball, location: 2F
3-2: Base on Balls
Pinch Hitting: SHB Devin Hottenstein 0-0: Called Strike
0-1: Ball
1-1: Ball
2-1: Swinging Strike
2-2: SINGLE (Groundball, 4MD, EV 98.8 MPH)
Jose Morrissey to second
Pinch Hitting: RHB Ben Zeiler 0-0: Ball
1-0: SINGLE (Groundball, 56S, EV 65.6 MPH) (infield hit)
Jose Morrissey to third
Devin Hottenstein to second
Pinch Hitting: RHB Carlos Reyes 0-0: Ball
1-0: Called Strike
1-1: Ball
2-1: Foul Ball, location: 2F
2-2: Ball
3-2: Foul Ball, location: 2F
3-2: Base on Balls
Jose Morrissey scores
Devin Hottenstein to third
Ben Zeiler to second
Batting: RHB Chiel Palstermans 0-0: Swinging Strike
0-1: Ball
1-1: Swinging Strike
1-2: Ball
2-2: SINGLE (Groundball, 4M, EV 108.1 MPH)
Devin Hottenstein scores
Ben Zeiler to third
Carlos Reyes to second
Pinch Hitting: LHB Joseph Martin 0-0: Ball
1-0: SINGLE (Line Drive, 7S, EV 91.3 MPH)
Ben Zeiler scores
Carlos Reyes to third
Chiel Palstermans to second
Runner from 3rd tries for Home, SAFE, throw by LF to home
Pitching: RHP Matt Altieri
Batting: LHB Chris Moody 0-0: Ball
1-0: Swinging Strike
1-1: Called Strike
1-2: Strikes out swinging
Pinch Hitting: LHB Conrad Taylor 0-0: Ball
1-0: Ball
2-0: Called Strike
2-1: Ball
3-1: Foul Ball, location: 2F
3-2: Base on Balls
Chiel Palstermans to third
Joseph Martin to second
Batting: LHB Ryan Flynn Jr. 0-0: Called Strike
0-1: Ball
1-1: Grounds into fielders choice 5-2 (Groundball, 5, EV 93.1 MPH)
Joseph Martin to third
Conrad Taylor to second
Batting: RHB Jose Morrissey 0-0: Called Strike
0-1: Foul Ball, location: 2F
0-2: Ball
1-2: Strikes out swinging
Top of the 8th over - 4 runs, 4 hits, 0 errors, 3 left on base; San Diego 5 - Miami 3
BOTTOM OF THE 8TH
Miami Marlins batting - Pitching for San Diego Padres : RHP Travis White
Pitching: RHP Tristan Vollmer
Now at C: Ben Zeiler
Now at 1B: Devin Hottenstein
Now at 2B: Jose Morrissey
Now at 3B: Conrad Taylor
Now in LF: Joseph Martin
Now in RF: Carlos Reyes
Batting: RHB Wei-guo Tsu 0-0: Ground out 6-3 (Groundball, 6S, EV 70.6 MPH)
Batting: RHB Gavin Helton 0-0: Called Strike
0-1: Swinging Strike
0-2: Ball
1-2: Strikes out looking
Pitching: LHP Ricardo Chavez
Batting: LHB Andre Gorter 0-0: Ball
1-0: Foul Ball, location: 2F
1-1: Ball
2-1: Ball
3-1: Base on Balls
Pitching: RHP Parker French
Batting: SHB Perry Tuckfard 0-0: Ground out 4-3 (Groundball, 4, EV 90.6 MPH)
Bottom of the 8th over - 0 runs, 0 hits, 0 errors, 1 left on base; San Diego 5 - Miami 3
TOP OF THE 9TH
San Diego Padres batting - Pitching for Miami Marlins : RHP Matt Altieri
Batting: SHB Devin Hottenstein 0-0: Called Strike
0-1: Foul Ball, location: 2F
0-2: Ball
1-2: Fly out, F7 (Flyball, 78D, EV 103.1 MPH)
Batting: RHB Ben Zeiler 0-0: Called Strike
0-1: Called Strike
0-2: Strikes out swinging
Batting: RHB Carlos Reyes 0-0: Foul Ball, location: 2F
0-1: Foul Ball, location: 2F
0-2: Ball
1-2: Strikes out looking
Top of the 9th over - 0 runs, 0 hits, 0 errors, 0 left on base; San Diego 5 - Miami 3
BOTTOM OF THE 9TH
Miami Marlins batting - Pitching for San Diego Padres : RHP Parker French
Pitching: RHP Raul Almonte
Batting: RHB Jimmy Groseclose 0-0: Ball
1-0: Called Strike
1-1: Ball
2-1: Foul Ball, location: 2F
2-2: Ball
3-2: Foul Ball, location: 2F
3-2: Strikes out swinging
Batting: RHB Tommy Hughes 0-0: Ball
1-0: Ground out 4-3 (Groundball, 4, EV 78.8 MPH)
Batting: LHB Luis Aguilar 0-0: Ball
1-0: Called Strike
1-1: Ball
2-1: Ball
3-1: Fly out, F8 (Flyball, 78XD, EV 93.1 MPH)
Bottom of the 9th over - 0 runs, 0 hits, 0 errors, 0 left on base; San Diego 5 - Miami 3
Thursday, March 31st , 2022 - OOTP Baseball 22.12 Build 89